 Dungeon Crawl Stone Soup version 0.31-a0-971-g75a2e9a4b4 (webtiles) character file.

Game seed: 16445666363151176544

97 Dirtsage the Insei (level 4, -1/29 HPs)
             Began as an Octopode Shapeshifter on Oct 28, 2023.
             Slain by Jessica
             ... wielding a +0 club
              (6 damage)
             ... on level 2 of the Dungeon.
             The game lasted 00:02:14 (1259 turns).

Dirtsage the Insei (Octopode Shapeshifter)          Turns: 1259, Time: 00:02:15

Health: -1/29      AC:  1    Str: 13    XL:     4   Next: 68%
Magic:  4/4        EV: 13    Int: 12    God:
Gold:   42         SH:  0    Dex: 13    Spells: 3/3 levels left

rFire   . .          .
                       - Unarmed
rCold   . . .        (no shield)
rNeg    . . .        (helmet currently unavailable)
rPois   .            (no amulet)
rElec   .            (no ring)
rCorr   .            (no ring)
SInv    .            (no ring)
Will    .....        (no ring)
Stlth   ++           (no ring)
HPRegen 0.24/turn    (no ring)
MPRegen 0.09/turn    (no ring)
                     (no ring)

%: no passive effects
@: beast-form, slowed, very slow
A: beast (slay +2), almost no armour, amphibious, 8 rings, camouflage 1,
gelatinous body 1, (nimble swimmer 1), tentacles
a: Begin Untransformation


You were on level 2 of the Dungeon.
You were a hulking beast.
You visited 1 branch of the dungeon, and saw 2 of its levels.

You collected 70 gold pieces.
You spent 28 gold pieces at shops.

Inventory:

Talismans
 b - a beast talisman
 c - a flux talisman
Scrolls
 e - a scroll of blinking {unknown}
 f - a scroll of noise {unknown}
 i - 5 scrolls of identify
Potions
 a - a potion of lignification
 g - 2 potions of curing {unknown}
 h - 2 potions of resistance {unknown}


   Skills:
 + Level 2.0 Fighting
 - Level 2.0 Dodging
 * Level 4.0 Unarmed Combat
 * Level 3.8 Shapeshifting


You had 3 spell levels left.
You didn't know any spells.
Your spell library contained the following spells:

 Spells                   Type           Power      Damage    Failure   Level
 Cigotuvi's Dreadful Rot  Necr/Pois/Air  0%         N/A       45%         2
 Dispel Undead            Necr           0%         3d6       97%         4
 Death Channel            Necr           0%         N/A       100%        6


Dungeon Overview and Level Annotations

Branches:
Dungeon (2/15)

Altars:

Shops:
D:2 *

Annotations:
D:2 Jessica, Natasha


Innate Abilities, Weirdness & Mutations

You are a hulking beast.
Your limbs bulge with bestial killing power. (Slay +2)
You cannot wear most types of armour.
You are amphibious.
You can wear up to eight rings at the same time.
Your skin changes colour to match your surroundings (Stealth+).
Your rubbery body absorbs attacks. (AC +1, EV +1)
((You are camouflaged when in or above water. (Stealth+)))
You have tentacles for arms and can constrict up to eight enemies at once.


Message History

You resist with some effort.
Jessica the Apprentice Sorceress comes into view.
She is wielding a +0 club.
Okay, then.
Natasha howls an incantation.
Natasha glows brightly for a moment.
Jessica shouts!
You hear a shout!
Natasha casts a spell at you. The magic dart hits you!
You take 9 damage, and have 20/29 hp.
MASSIVE DAMAGE!!
The ball python hisses angrily.
Natasha stares at you and mumbles some strange words.
The magic dart hits you.
You take 6 damage, and have 15/29 hp.
MASSIVE DAMAGE!!
A hobgoblin comes into view.
An adder comes into view.
The hobgoblin moves out of view.
Natasha hisses.
You tentacle-slap the hobgoblin. You grab the hobgoblin.
The hobgoblin is heavily wounded.
You constrict the hobgoblin. The hobgoblin hits you.
You take 4 damage, and have 12/29 hp.
You tentacle-slap the hobgoblin.
You kill the hobgoblin!
Natasha casts a spell.
You see here 27 gold pieces.
Natasha casts a spell at you. You resist with some effort.
Jessica mumbles some strange words.
Jessica seems to speed up.
Natasha stares at you and mumbles some strange words.
You feel yourself slow down.
Natasha mumbles some strange words.
The cerulean imp hits you from afar with a +2 spear.
There is a stone staircase leading down here.
You take 5 damage, and have 10/29 hp.
The cerulean imp disappears in a puff of smoke!
Natasha misses you.
The cerulean imp hits you from afar with a +1 spear.
* * * LOW HITPOINT WARNING * * *
Jessica hits you with a +0 club.
You die...

..##..................#.# #.....#
#.##...)..............#.###.###.#
#.......####.........##.$.@.# #.#
#.......####............###.###.#
#..##.#......##....##.#.# #..@...
#.....######.#####....#+#########
##.#......##.#####S......#
.....###.....#...@5.........
.#......<.......hh§.........
.##.###...####.#..#.........
..................#####+#...
.....#.#######'##.......#...
###.##.#........#..#........
..†....#........#.........
###....#........#.....##..
#.####.#........#.....#... ..#
#.#........#.........


You could see Natasha, a cerulean imp (summoned), Jessica (fast) and a ball
python.

Vanquished Creatures
  Natasha (twice) (D:2)
  An adder (D:2)
  A worm (D:2)
  4 bats (D:1)
  3 endoplasms
  4 goblins
  2 hobgoblins
  4 kobolds
  4 quokkas (D:1)
  A ball python (D:1)
  3 frilled lizards
  5 rats (D:1)
34 creatures vanquished.

Notes
Turn   | Place    | Note
-------+----------+-------------------------------------------
     0 | D:1      | Dirtsage the Octopode Shapeshifter began the quest for the
                  | Orb.
     0 | D:1      | Reached XP level 1. HP: 13/13 MP: 1/1
   168 | D:1      | Reached XP level 2. HP: 16/18 MP: 2/2
   405 | D:1      | Reached XP level 3. HP: 23/23 MP: 3/3
   729 | D:2      | Noticed Natasha
   739 | D:2      | Killed Natasha
   948 | D:2      | Reached XP level 4. HP: 26/29 MP: 4/4
  1102 | D:2      | Noticed Natasha
  1109 | D:2      | Killed Natasha
  1110 | D:2      | Reached skill level 4 in Unarmed Combat
  1219 | D:2      | Found Lainymoa's General Store.
  1228 | D:2      | Bought a scroll of identify for 28 gold pieces
  1237 | D:2      | Noticed Natasha
  1238 | D:2      | Noticed Jessica
  1259 | D:2      | Slain by Jessica

Illustrated notes

Levels and vault maps discovered:
D:1:      heliophobic_arrival_ceremonial_halls, layout_loops_cross,
          chequers_serial_rivers_micro_d
D:2:      layout_basic, serial_bayou, serial_bayou_lake_a, serial_bayou_shore_a,
          serial_bayou_pond_e, serial_bayou_pond_c, serial_shops, shop,
          minivault_25, reono_crystal_passage, uniq_natasha, uniq_jessica

Skill      XL: |  1  2  3  4 |
---------------+-------------+-----
Fighting       | 2 |  2.0
Unarmed Combat | 4 |  4.0
Dodging        | |  2.0
Shapeshifting  | |  3.8

Action                     |  1- 3 |  4- 6 || total
---------------------------+-------+-------++-------
  Melee: Unarmed           |    59 |    11 ||    70
         Constrict         |    19 |     4 ||    23
         Tentacles         |     8 |     2 ||    10
         Punch             |     1 |       ||     1
   Stab: Sleeping          |     2 |     1 ||     3
 Armour: Skin              |    30 |    10 ||    40
  Dodge: Dodged            |    36 |     3 ||    39

Table legend: (Time is in decaauts)
 A = Elapsed time spent in this place.
 B = Non-inter-level travel time spent in this place.
 C = Inter-level travel time spent in this place.
 D = Time resting spent in this place.
 E = Time spent auto-exploring this place.
 F = Levels seen in this place.
 G = Mean time per level.
                   A        B        C        D        E       F      G
               +--------+--------+--------+--------+--------+-----+--------+
         Total |   1263 |   1247 |     16 |      0 |   1027 |   2 |  631.5 |
       Dungeon |   1263 |   1247 |     16 |      0 |   1027 |   2 |  631.5 |
               +--------+--------+--------+--------+--------+-----+--------+

Top non-repeatable levels by time:
     D:1: 717 daAuts
     D:2: 545 daAuts
